 Dungeon Crawl Stone Soup version 0.17.0-56-gd8de76c (webtiles) character file.

28 Forcez the Grave Robber (level 2, -3/22 HPs)
             Began as a Deep Dwarf Necromancer on Dec 5, 2015.
             Slain by a gnoll
             ... wielding a +0 flail
              (7 damage)
             ... on level 2 of the Dungeon.
             The game lasted 00:12:39 (959 turns).

Forcez the Grave Robber (Deep Dwarf Necromancer)     Turns: 959, Time: 00:12:39

Health: -3/22      AC:  9    Str: 11    XL:     2   Next: 96%
Magic:  2/5        EV:  5    Int: 15    God:
Gold:   30         SH:  0    Dex: 13    Spells: 2 memorised, 3 levels left

rFire  . . .     SeeInvis .     f - +0 dagger
rCold  . . .     Clarity  .     s - +0 chain mail
rNeg   . . .     SustAt   .     (no shield)
rPois  .         Gourm    .     (no helmet)
rElec  .         Spirit   .     (no cloak)
rCorr  .         Warding  .     i - +0 pair of gloves
rMut   .         Stasis   .     (no boots)
MR     .....                    (no amulet)
Stlth  ..........               (no ring)
                                (no ring)

@: contaminated, non-regenerating, glowing, not resistant to hostile
enchantments, extremely unstealthy
A: damage resistance, recharge devices, sense surroundings 1, slow regeneration
3
a: Device Recharging


You were on level 2 of the Dungeon.
You were not hungry.

You visited 1 branch of the dungeon, and saw 2 of its levels.

You collected 30 gold pieces.

Inventory:

Hand Weapons
 f - a +0 dagger (weapon)
 j - a +0 club
 o - a +0 short sword
Missiles
 l - 26 arrows
 q - 15 poisoned needles
Armour
 a - a +0 robe
 i - a +0 pair of gloves (worn)
 s - a +0 chain mail (worn)
Wands
 c - a wand of heal wounds (2)
Scrolls
 e - a scroll of remove curse
 g - a scroll of identify
 p - a scroll of immolation {unknown}
 r - a scroll of recharging {unknown}
 t - a scroll of amnesia {unknown}
Potions
 h - 2 potions of curing
Books
 b - a book of Necromancy

   Spells                             Type                      Level
   a - Pain                           Necromancy                   1
   b - Animate Skeleton               Necromancy                   1
   c - Vampiric Draining              Necromancy                   3
   d - Regeneration                   Charms/Necromancy            3
   e - Animate Dead                   Necromancy                   4
   f - Control Undead                 Necromancy                   4
Comestibles
 d - a bread ration


   Skills:
 + Level 0.1 Fighting
 + Level 0.3 Short Blades
 + Level 3.1 Dodging
 + Level 2.4 Stealth
 + Level 2.0 Spellcasting
 + Level 4.6 Necromancy


You had 3 spell levels left.
You knew the following spells:

 Your Spells              Type           Power        Failure   Level  Hunger
a - Pain                  Necr           ###.         99%         1    #......
b - Animate Skeleton      Necr           N/A          99%         1    #......


Dungeon Overview and Level Annotations

Branches:
Dungeon (2/15)

Altars:


Innate Abilities, Weirdness & Mutations

You are resistant to damage.
You can recharge devices by infusing magical energy.
You passively map a small area around you.
You do not regenerate naturally.


Message History

Press: ? - help, Shift-Dir - straight line, f/p - gnoll
Aim: a gnoll, wielding a flail (lightly wounded, chance to defeat MR: 80%)
You miscast Pain.
Pain shoots through your body. The gnoll hits you with a flail!
Casting: Pain
Confirm with . or Enter, or press ? or * to list all spells.
Aiming: Pain
Press: ? - help, Shift-Dir - straight line, f/p - gnoll
Aim: a gnoll, wielding a flail (lightly wounded, chance to defeat MR: 80%)
You miscast Pain.
You hear strange and distant voices.
The gnoll barely misses you.
You hit the gnoll.
The gnoll is moderately wounded.
The gnoll hits you with a flail!
* * * LOW HITPOINT WARNING * * *
You barely miss the gnoll.
The gnoll is moderately wounded.
The gnoll hits you with a flail!
You die...

, #ยง.#####_## #.
#..# , * #. #..# , ,,
* * #.#######.(# * ,
# *#.....g..g.#
#.##..######g## * * ,
, ... * #.# **
###.##.#######.#### ,
,.......@ggKggg....#,
, , ,
.......##########.#
#######* ,.# ,.. * *
##


You could see 4 gnolls, a hobgoblin and a kobold.

Vanquished Creatures
  A ball python (D:2)
  4 bats
  5 goblins
  A hobgoblin (D:1)
  3 jackals (D:1)
  4 kobolds
  9 rats
27 creatures vanquished.

Vanquished Creatures (collateral kills)
  A kobold (D:1)
1 creature vanquished.

Grand Total: 28 creatures vanquished

Notes
Turn   | Place    | Note
--------------------------------------------------------------
     0 | D:1      | Forcez the Deep Dwarf Necromancer began the quest for the Orb.
     0 | D:1      | Reached XP level 1. HP: 15/15 MP: 3/3
   165 | D:1      | Reached XP level 2. HP: 16/22 MP: 2/4
   170 | D:1      | Learned a level 1 spell: Animate Skeleton
   596 | D:1      | You fall through a shaft!
   959 | D:2      | Slain by a gnoll

Action                   || total
-------------------------++-------
Melee: Dagger            ||   103
       Unarmed           ||    21
 Cast: Pain              ||    13
       Animate Skeleton  ||     7
Evoke: Wand              ||     3
  Use: Scroll            ||     3
       Potion            ||     1
 Stab: Sleeping          ||     1
  Eat: Bread ration      ||     1
